AoeStats
← Roy Mustang

African Clearing

510568290Analyzed
4v4 RM · 2d ago on Oct 1, 2026· 29m 15s· 8 players
Game mode
Random Map
Map size
Large (8 player)
Population
200
Speed
Normal
Resources
Standard
Victory
Conquest
Starting age
Dark Age
Ending age
Imperial Age
RankedLock teamsTeams togetherTeam positionsShared explorationLock speedFull tech treeHidden civsTurbo modeCheats
Victory
Defeat
🇦🇷 Magyars · Argentina
1253
+11
1147
+15
🇦🇷 Varangians · Argentina
1114
+16
🇦🇷 Spanish · Argentina
999
+21
🇲🇽 Varangians · Mexico
1194
-19
🇹🇷 Burgundians · Türkiye
1145
-17
🇸🇪 Britons · Sweden
1135
-16
🇲🇽 Saracens · Mexico
998
-11
Gergis Khan
8:11 Loom
14:40 Feudal Age
15:15 Double-Bit Axe
20:10 Castle Age
21:06 Bow Saw
21:10 Scale Barding Armor
22:10 Wheelbarrow
22:43 Bloodlines
24:46 Stone Mining
26:58 Gold Mining
MAX POWER
10:59 Loom
13:13 Feudal Age
14:36 Double-Bit Axe
17:35 Bloodlines
21:57 Wheelbarrow
25:35 Castle Age
24:51 Fletching
25:02 Padded Archer Armor
25:08 Gold Mining
GdN_Cuyi Saurus Rex
3:43 Loom
14:10 Feudal Age
16:56 Padded Archer Armor
19:49 Fletching
25:23 Castle Age
25:40 Crossbowman
Zayko
11:32 Loom
15:03 Feudal Age
17:44 Town Watch
20:00 Castle Age
19:09 Horse Collar
19:17 Double-Bit Axe
20:18 Fletching
21:29 Bodkin Arrow
29:06 Wheelbarrow
MENTOR VI
3:58 Loom
19:47 Feudal Age
22:59 Town Watch
23:49 Wheelbarrow
24:10 Double-Bit Axe
26:50 Castle Age
Roy Mustang
7:55 Loom
8:50 Loom
14:49 Feudal Age
19:20 Castle Age
18:26 Forging
aksoy14537540
9:24 Double-Bit Axe
13:02 Feudal Age
11:41 Horse Collar
18:54 Castle Age
18:11 Loom
19:37 Heavy Plow
21:27 Husbandry
Superhoops
7:05 Loom
14:02 Feudal Age
17:58 Castle Age
17:33 Wheelbarrow
17:12 Double-Bit Axe
17:10 Horse Collar
19:28 Bow Saw
21:36 Fletching
25:53 Ballistics
26:22 Padded Archer Armor
27:02 Bodkin Arrow
28:31 Heavy Plow
Connection lost

Rejoining the realm…

Still unreachable

The connection could not be restored.

Session expired

The server has moved on; the page needs a fresh start.